 Dungeon Crawl Stone Soup version 0.17-a0-1678-g710b578 (console) character file.

46 Monkaria the Ducker (level 3, -1/17 HPs)
             Began as a Felid Chaos Knight on Aug 19, 2015.
             Shot with a stone by a goblin (3 damage)
             ... on level 3 of the Dungeon.
             The game lasted 00:01:29 (1418 turns).

Monkaria the Ducker (Felid Chaos Knight)            Turns: 1418, Time: 00:01:29

Health: -1/17      AC:  3    Str:  9    XL:     3   Next: 46%
Magic:  4/4        EV: 20    Int: 13    God:    Xom [..*...]
Gold:   96         SH:  0    Dex: 15    Spells: 0 memorised, 2 levels left
                                        Lives:  0   Deaths: 0

rFire  . . .     SeeInvis +       - Unarmed
rCold  . . .     Clarity  .     (armour unavailable)
rNeg   . . .     SustAt   .     (shield unavailable)
rPois  .         Gourm    .     (helmet unavailable)
rElec  .         Spirit   .     (cloak unavailable)
rCorr  .         Warding  .     (gloves unavailable)
rMut   .         Stasis   .     (boots unavailable)
MR     .....                    d - amulet of regeneration
Stlth  ++........               (no ring)
                                l - +2 ring of protection

@: quick, not resistant to hostile enchantments, unstealthy
A: no armour, no weapons or thrown items, claws 1, fangs 3, see invisible,
carnivore 3, speed 1, shaggy fur 1, slow metabolism 1, sharp paws
a: Renounce Religion


You were on level 3 of the Dungeon.
You worshipped Xom.
You were a toy of Xom.
You were completely stuffed.

You visited 1 branch of the dungeon, and saw 3 of its levels.

You collected 96 gold pieces.

Inventory:

Jewellery
 d - an amulet of regeneration (around neck)
 j - an uncursed ring of fire
 l - a +2 ring of protection (left paw)
Scrolls
 e - a scroll of identify {unknown}
 m - a scroll of blinking {unknown}
Potions
 b - 3 potions of agility {unknown}
 c - 2 potions of resistance {unknown}
 g - 2 potions of haste {unknown}
 h - a potion of magic {unknown}
 i - a potion of brilliance {unknown}
Comestibles
 a - 4 meat rations
 f - a beef jerky
 k - a chunk of flesh
 n - a slice of pizza


   Skills:
 - Level 3.0 Fighting
 + Level 5.5 Dodging
 - Level 3.0 Unarmed Combat


You had 2 spell levels left.
You didn't know any spells.

Dungeon Overview and Level Annotations

Branches:
Dungeon (3/15)

Altars:


Innate Abilities, Weirdness & Mutations

You cannot wear armour.
You are incapable of wielding weapons or throwing items.
You have sharp claws.
You have razor-sharp teeth.
You have supernaturally acute eyesight.
You are carnivorous and can eat meat at any time.
You cover ground quickly.
You are covered in fur (AC +1).
You have a slow metabolism.
Your sharp claws are effective at attacking unaware monsters.


Message History

The worm is almost dead.
The goblin misses you. The worm bites you!
* * * LOW HITPOINT WARNING * * *
You are too injured to fight recklessly!
You are too injured to fight recklessly!
You are too injured to fight recklessly!
You are too injured to fight recklessly!
You are too injured to fight recklessly!
You are too injured to fight recklessly!
You are too injured to fight recklessly!
You are too injured to fight recklessly!
You are too injured to fight recklessly!
You are too injured to fight recklessly!
You are too injured to fight recklessly!
You are too injured to fight recklessly!
Unknown command.
The goblin wields an uncursed hunting sling.
The goblin shoots a stone.
The stone hits you.
You die... "What!?
That's it?"

######.##.##........
#........<†..#######
#...........########.
#.........#...(......
...###.....##########.
#..#.....##
#.#......#####
#####.#.##.........
........@(..#######
###..........#
......wg....#.#
.###...###..#.# ##r.
...# # #.# ##.# #. .#
.. .# .##


You could see a worm, a goblin and a rat.

Vanquished Creatures
  An ooze (D:1)
  2 ball pythons (D:1)
  4 giant cockroaches
  5 hobgoblins
  2 quokkas (D:2)
  9 bats
  A giant newt (D:2)
  6 goblins
  4 kobolds
  6 rats
40 creatures vanquished.

Notes
Turn   | Place    | Note
--------------------------------------------------------------
     0 | D:1      | Monkaria the Felid Chaos Knight began the quest for the Orb.
     0 | D:1      | Reached XP level 1. HP: 10/10 MP: 2/2
   213 | D:1      | Reached skill level 4 in Dodging
   243 | D:1      | Reached XP level 2. HP: 7/14 MP: 3/3
   324 | D:1      | XOM: silly message
   399 | D:1      | XOM: harmless Chrm miscast
   908 | D:1      | XOM: smoke on damage
   914 | D:1      | XOM: divination: detect creatures
  1049 | D:2      | Reached skill level 5 in Dodging
  1053 | D:2      | Reached XP level 3. HP: 17/17 MP: 4/4
  1418 | D:3      | Shot with a stone by a goblin

Vault maps used:
D:1:      evilmike_arrival_crescent
D:3:      minitemple, first_bread, uniq_grinder

Action                   || total
-------------------------++-------
Melee: Unarmed           ||    97
  Use: Scroll            ||     2
 Stab: Sleeping          ||     2
  Eat: Chunk             ||     8
